 Dungeon Crawl Stone Soup version 0.21-a0-632-g1e37ce5188 (webtiles) character file.

455 RaHiT the Charmwright (level 6, -5/56 HPs)
             Began as a Demigod Skald on Dec 27, 2017.
             Slain by an ice beast (14 damage)
             ... on level 5 of the Dungeon.
             The game lasted 00:25:08 (4877 turns).

RaHiT the Charmwright (Demigod Skald)               Turns: 4877, Time: 00:25:08

Health: -5/56      AC:  4    Str: 17 (18) XL:     6   Next: 47%
Magic:  8/13       EV: 12    Int: 15 (17) God:
Gold:   163        SH:  0    Dex: 10 (23) Spells: 2/11 levels left

rFire    . . .     SeeInvis .   k - +2 halberd (venom)
rCold    . . .     Gourm    .   (shield currently unavailable)
rNeg     . . .     Faith    .   b - +1 leather armour
rPois    .         Spirit   .   (no helmet)
rElec    .         Reflect  .   (no cloak)
rCorr    .         Harm     .   (no gloves)
MR       .....                  (no boots)
Stlth    +.........             (no amulet)
HPRegen  0.18/turn              v - +3 ring of dexterity
MPRegen  0.13/turn              g - +3 ring of dexterity

@: very slightly contaminated
A: agile 1, deterioration 1, high mp 1, robust 1
a: no special abilities


You were on level 5 of the Dungeon.
You were hungry.

You visited 1 branch of the dungeon, and saw 5 of its levels.

You collected 163 gold pieces.

Inventory:

Hand Weapons
 k - a +2 halberd of venom (weapon)
Missiles
 i - 126 stones
 n - 27 poisoned needles
 x - 9 tomahawks (quivered)
Armour
 b - a +1 leather armour (worn)
Jewellery
 g - a +3 ring of dexterity (right hand)
 v - a +3 ring of dexterity (left hand)
Scrolls
 f - 2 scrolls of immolation
 l - a scroll of enchant armour
 u - a scroll of remove curse
Potions
 e - 2 potions of curing
 h - a potion of haste {unknown}
 j - 2 potions of heal wounds
 o - a potion of might
 t - a potion of flight
 w - a potion of cancellation {unknown}
 z - a potion of magic {unknown}
 B - a potion of invisibility {unknown}
Books
 c - a book of Battle

   Spells                             Type                      Level
   a - Infusion                       Charms                       1
   b - Shroud of Golubria             Charms/Translocation         2
   c - Song of Slaying                Charms                       2
   d - Spectral Weapon                Hexes/Charms                 3
   e - Regeneration                   Charms/Necromancy            3
Comestibles
 a - 3 chunks of flesh
 d - 10 rations


   Skills:
 - Level 3.0 Fighting
 + Level 3.5 Polearms
 + Level 2.0 Armour
 - Level 2.0 Dodging
 - Level 3.0 Spellcasting
 + Level 0.1 Hexes
 + Level 4.1 Charms
 - Level 1.0 Necromancy
 - Level 1.0 Translocations


You had 2 spell levels left.
You knew the following spells:

 Your Spells              Type           Power        Failure   Level  Hunger
a - Infusion              Chrm           ##..         4%          1    #......
b - Shroud of Golubria    Chrm/Tloc      #.........   12%         2    ##.....
c - Regeneration          Chrm/Necr      #.........   26%         3    ###....
d - Spectral Weapon       Hex/Chrm       #.......     30%         3    ###....


Dungeon Overview and Level Annotations

Branches:
Dungeon (5/15)             Temple (0/1) D:4


Innate Abilities, Weirdness & Mutations

You have an increased reservoir of magic. (+10% MP)
You are agile. (Dex +2)
Your body sometimes deteriorates upon taking damage.
You are robust. (+10% HP)


Message History

Your spectral weapon shares its damage with you!
The ice beast freezes your spectral weapon!
Your spectral weapon resists.
Your spectral weapon fades away.
* * * LOW HITPOINT WARNING * * *
Attack whom?
Press: ? - help, Dir - move target cursor, f/p - ice beast
Aim: an ice beast (almost dead)
You reach to attack!
You barely miss the ice beast.
The ice beast is almost dead.
Some of the chunks of flesh in your inventory have rotted away.
Attack whom?
Press: ? - help, Dir - move target cursor, f/p - ice beast
Aim: an ice beast (almost dead)
You closely miss the ice beast.
The ice beast is almost dead.
The ice beast hits you.
* * * LOW HITPOINT WARNING * * *
The ice beast freezes you!
You die...

#.......# #.<.....#
##...#..# #####..# #..##
####### #...# .......
#####...#
###...######...#...####
#........Y@...........#
.......?.###...........#
##.......# #...........#
###...### ##...#...####
#... ##.##...# #.##
#.##...# #. #.###### #?
#.#


You could see an ice beast.

Vanquished Creatures
  A quasit (D:3)
  2 hounds (D:4)
  An orc priest (D:4)
  An iguana (D:4)
  An orc wizard (D:4)
  A worker ant (D:4)
  A hound skeleton (D:5)
  9 adders
  7 gnolls
  An ooze (D:1)
  A worm (D:2)
  2 dart slugs (D:2)
  2 leopard geckos
  7 orcs (D:4)
  2 ball pythons
  3 giant cockroaches
  8 goblins
  7 hobgoblins
  4 jackals (D:2)
  4 quokkas
  6 bats
  3 frilled lizards
  A jackal skeleton (D:4)
  7 kobolds
  A leopard gecko skeleton (D:4)
  6 rats
89 creatures vanquished.

Vanquished Creatures (others)
  A spectral weapon (D:5)
1 creature vanquished.

Grand Total: 90 creatures vanquished

Notes
Turn   | Place    | Note
-------+----------+-------------------------------------------
     0 | D:1      | RaHiT the Demigod Skald began the quest for the Orb.
     0 | D:1      | Reached XP level 1. HP: 17/17 MP: 5/5
    33 | D:1      | Reached skill level 1 in Armour
   209 | D:1      | Reached XP level 2. HP: 24/24 MP: 7/7
   480 | D:1      | Learned a level 2 spell: Shroud of Golubria
  1197 | D:2      | Reached skill level 3 in Charms
  1197 | D:2      | Reached XP level 3. HP: 29/29 MP: 2/8
  1533 | D:2      | Reached XP level 4. HP: 29/37 MP: 0/10
  1622 | D:2      | Reached skill level 1 in Translocations
  2061 | D:2      | Learned a level 3 spell: Regeneration
  2844 | D:3      | Reached XP level 5. HP: 8/42 MP: 5/11
  3153 | D:3      | Learned a level 3 spell: Spectral Weapon
  3181 | D:4      | Found a stormy altar of Qazlal.
  3443 | D:4      | Found a staircase to the Ecumenical Temple.
  3509 | D:4      | Gained mutation: You are somewhat resistant to further mutation. [potion of mutation]
  3784 | D:3      | Lost mutation: You are somewhat resistant to further mutation. [potion of mutation]
  3784 | D:3      | Gained mutation: You are agile. (Dex +2) [potion of mutation]
  3784 | D:3      | Gained mutation: Your body sometimes deteriorates upon taking damage. [potion of mutation]
  3784 | D:3      | Gained mutation: You are robust. (+10% HP) [potion of mutation]
  4273 | D:4      | Reached XP level 6. HP: 40/56 MP: 7/13
  4621 | D:4      | Reached skill level 1 in Necromancy
  4641 | D:4      | Reached skill level 4 in Charms
  4818 | D:5      | Entered Level 5 of the Dungeon
  4877 | D:5      | Slain by an ice beast

Vault maps used:
D:1:      lemuel_arrival_muddy
D:3:      first_ration
D:4:      nicolae_overflow_crystal_walls, minmay_temple_entry_glass
D:5:      serial_bayou_lagoon_a

Skill      XL: |  1  2  3  4  5  6 |
---------------+-------------------+-----
Armour         | 1 2 |  2.0
Fighting       | 2 3 |  3.0
Polearms       | 2 3 |  3.5
Dodging        | 2 |  2.0
Spellcasting   | 2 3 |  3.0
Charms         | 3 4 |  4.1
Translocations | 1 |  1.0
Necromancy     | 1 |  1.0
Hexes          | |  0.1

Action                   |  1- 3 |  4- 6 || total
-------------------------+-------+-------++-------
Melee: Spear             |   140 |   210 ||   350
       Halberd           |       |    54 ||    54
Throw: Stone             |     6 |    23 ||    29
       Tomahawk          |       |     9 ||     9
 Cast: Infusion          |     4 |    14 ||    18
       Shroud of Golubri |     4 |    10 ||    14
       Spectral Weapon   |       |     4 ||     4
  Use: Scroll            |     3 |     9 ||    12
       Potion            |       |     6 ||     6
 Stab: Sleeping          |     3 |     1 ||     4
  Eat: Chunk             |     2 |    12 ||    14
Armor: Leather armour    |    30 |   101 ||   131
Dodge: Dodged            |    70 |   228 ||   298

Table legend:
 A = Spawn XP
 B = Non-spawn XP
 C = Spawn XP percentage of total XP
 D = Spawn monster count
 E = Non-spawn monster count
 F = Spawn count percentage of total count
 G = Total turns spent on level
                    A         B        C        D         E        F      G
               +---------+---------+-------+---------+---------+-------+---------
         Total |       0 |     650 |   0.0 |       0 |      89 |   0.0 |  4877
               +---------+---------+-------+---------+---------+-------+---------
           D:1 |       0 |      42 |   0.0 |       0 |      22 |   0.0 |  1170
           D:2 |       0 |     130 |   0.0 |       0 |      22 |   0.0 |   962
           D:3 |       0 |      79 |   0.0 |       0 |      14 |   0.0 |  1235
           D:4 |       0 |     375 |   0.0 |       0 |      28 |   0.0 |  1451
           D:5 |       0 |      24 |   0.0 |       0 |       3 |   0.0 |    59
               +---------+---------+-------+---------+---------+-------+---------
